 Dungeon Crawl Stone Soup version 0.17.0-24-gcfadda4 (webtiles) character file.

858 inmateoo the Spear-Bearer (level 8, 0/62 HPs)
             Began as a Merfolk Abyssal Knight on Nov 15, 2015.
             Was a Priest of Lugonu.
             Slain by an orc warrior
             ... wielding a +2 trident of flaming
              (20 damage)
             ... on level 6 of the Dungeon.
             The game lasted 00:09:08 (5513 turns).

inmateoo the Spear-Bearer (Merfolk Abyssal Knight)  Turns: 5513, Time: 00:09:08

Health: 0/62       AC:  7    Str: 17    XL:     8   Next: 2%
Magic:  11/11      EV: 15    Int: 12    God:    Lugonu [***...]
Gold:   358        SH:  0    Dex: 15    Spells: 0 memorised, 7 levels left

rFire  . . .     SeeInvis .     e - +1 trident
rCold  . . .     Clarity  +     s - +2 leather armour {MR+}
rNeg   . . .     SustAt   .     (no shield)
rPois  .         Gourm    .     y - +0 helmet
rElec  .         Spirit   .     (no cloak)
rCorr  .         Warding  .     l - +0 pair of gloves
rMut   .         Stasis   .     (no boots)
MR     ++...                    J - amulet of clarity
Stlth  +.........               (no ring)
                                H - ring of protection from magic

@: mighty, very slightly contaminated, hasted, very quick, very resistant to
hostile enchantments, very unstealthy
A: change form in water, swift swim
a: Depart the Abyss, Bend Space, Banish, Renounce Religion


You were on level 6 of the Dungeon.
You worshipped Lugonu.
Lugonu was most pleased with you.
You were not hungry.

You visited 1 branch of the dungeon, and saw 6 of its levels.
You visited the Abyss 1 time.

You collected 358 gold pieces.

Inventory:

Hand Weapons
 e - a +1 trident (weapon)
Armour
 l - a +0 pair of gloves (worn)
 s - a +2 leather armour of magic resistance (worn)
 y - a +0 helmet (worn)
Jewellery
 H - a ring of protection from magic (left hand)
 J - an amulet of clarity (around neck)
Wands
 b - a wand of confusion (25)
 p - a wand of fireball (0)
 w - a wand of teleportation (0)
 A - a wand of lightning (11)
 B - a wand of polymorph (0)
Scrolls
 h - a scroll of teleportation
 j - a scroll of blinking
 k - 3 scrolls of remove curse
 o - a scroll of noise
 q - a scroll of amnesia
 u - a scroll of immolation
 G - a scroll of enchant weapon
Potions
 a - a potion of berserk rage {unknown}
 d - 2 potions of curing
 g - 2 potions of might
 m - 2 potions of magic
 v - a potion of poison {unknown}
 x - 2 potions of flight {unknown}
 z - a potion of agility {unknown}
 D - a potion of ambrosia {unknown}
Books
 C - a book of Annihilations

   Spells                             Type                      Level
   a - Poison Arrow                   Conjuration/Poison           6
   b - Chain Lightning                Conjuration/Air              8
   c - Lehudib's Crystal Spear        Conjuration/Earth            8
   d - Glaciate                       Conjuration/Ice              9
   e - Fire Storm                     Conjuration/Fire             9
Comestibles
 c - 3 bread rations
 f - a slice of pizza
 n - a meat ration
 t - 3 beef jerkies


   Skills:
 + Level 5.2 Fighting
 * Level 8.4 Polearms
 - Level 1.0 Armour
 + Level 6.0 Dodging
 + Level 4.3 Invocations


You had 7 spell levels left.
You didn't know any spells.

Dungeon Overview and Level Annotations

Branches:
Dungeon (6/15)             Temple (0/1) D:4

Altars:
Ashenzari
Kikubaaqudgha
Trog

Shops:
D:5 *


Message History

You reach to attack!
You closely miss the orc warrior.
The orc warrior is moderately wounded.
The orc warrior barely misses you.
Unknown command.
Attack whom?
Press: ? - help, Dir - move target cursor, f/p - orc warrior
Aim: an orc warrior, wielding a trident of flaming and wearing a chain mail (moderately wounded)
You reach to attack!
You puncture the orc warrior!
The orc warrior is severely wounded.
An orc comes into view. It is wielding a mace.
Unknown command.
Attack whom?
Press: ? - help, Dir - move target cursor, f/p - orc warrior
Aim: an orc warrior, wielding a trident of flaming and wearing a chain mail (severely wounded)
You reach to attack!
The orc shouts!
You puncture the orc warrior!
The orc warrior is almost dead.
The orc warrior hits you from afar with a trident of flaming!!
You die...

#.#####
#.....#
####.##
#.# #.#
#.# #.#
########.#
#.ooo.@..#
#.########


You could see an orc warrior and 2 orcs.

Vanquished Creatures
  Eustachio (D:5)
  A black bear (D:4)
  A phantom (D:4)
  A giant frog (D:6)
  3 hounds
  An iguana (D:4)
  An orc priest (D:5)
  3 orc wizards
  2 worker ants (D:4)
  Robin (D:3)
  A worker ant zombie (D:5)
  4 adders
  2 oozes (D:1)
  A worm (D:1)
  3 giant geckos
  16 orcs
  3 ball pythons (D:1)
  9 bats
  A bat zombie (D:2)
  5 giant cockroaches
  18 goblins
  16 hobgoblins
  8 jackals
  8 kobolds
  2 quokkas
  A giant gecko skeleton (D:4)
  5 giant newts
  A jackal skeleton (D:6)
  8 rats
  3 rat zombies (D:2)
130 creatures vanquished.

Notes
Turn   | Place    | Note
--------------------------------------------------------------
     0 | Abyss:1  | inmateoo the Merfolk Abyssal Knight began the quest for the Orb.
     0 | Abyss:1  | Reached XP level 1. HP: 18/18 MP: 2/2
    72 | Abyss:1  | Noticed a large abomination
    96 | Abyss:1  | Noticed a neqoxec
    99 | D:1      | Escaped the Abyss
   243 | D:1      | Reached XP level 2. HP: 5/24 MP: 3/3
   559 | D:1      | Reached skill level 4 in Polearms
   563 | D:1      | Reached * piety under Lugonu
   663 | D:1      | Reached skill level 1 in Armour
   672 | D:1      | Reached XP level 3. HP: 27/29 MP: 4/4
  1384 | D:2      | Reached ** piety under Lugonu
  1401 | D:2      | Found a shattered altar of Ashenzari.
  1425 | D:2      | Reached XP level 4. HP: 25/37 MP: 5/5
  2039 | D:2      | Found an ancient bone altar of Kikubaaqudgha.
  2422 | D:2      | Reached skill level 5 in Polearms
  2422 | D:2      | Reached XP level 5. HP: 17/42 MP: 6/6
  2891 | D:3      | Reached *** piety under Lugonu
  3291 | D:3      | Noticed Robin
  3314 | D:3      | Reached skill level 6 in Polearms
  3335 | D:3      | Killed Robin
  3335 | D:3      | Reached XP level 6. HP: 44/48 MP: 8/8
  3714 | D:4      | Reached skill level 7 in Polearms
  3714 | D:4      | Reached skill level 5 in Dodging
  3714 | D:4      | Reached XP level 7. HP: 29/55 MP: 9/9
  4103 | D:4      | Reached **** piety under Lugonu
  4440 | D:4      | Found a staircase to the Ecumenical Temple.
  4462 | D:5      | Entered Level 5 of the Dungeon
  4685 | D:5      | Found a bloodstained altar of Trog.
  4904 | D:5      | Reached skill level 5 in Fighting
  5013 | D:5      | Noticed Eustachio
  5109 | D:5      | Killed Eustachio
  5109 | D:5      | Reached skill level 8 in Polearms
  5193 | D:5      | Found Vuxe's General Store.
  5354 | D:5      | Got a distressingly furry plate armour
  5365 | D:5      | Identified the +8 plate armour of Pagej {rF+ Str+3} (You found it on level 5 of the Dungeon)
  5439 | D:6      | Reached XP level 8. HP: 55/62 MP: 11/11
  5507 | D:6      | HP: 3/62 [orc warrior/trident of flaming (4)]
  5513 | D:6      | Slain by an orc warrior

Action                   |  1- 3 |  4- 6 |  7- 9 || total
-------------------------+-------+-------+-------++-------
Melee: Spear             |   135 |   306 |   158 ||   599
       Trident           |       |       |    57 ||    57
Invok: Depart the Abyss  |     1 |       |       ||     1
Evoke: Wand              |       |       |     6 ||     6
  Use: Scroll            |       |     4 |    11 ||    15
       Potion            |       |       |     4 ||     4
 Stab: Sleeping          |     1 |       |     2 ||     3
  Eat: Chunk             |     1 |     8 |     6 ||    15
